| TOP OF THE 1ST |
|
Williamsport Greys batting - Pitching for Niagara Falls Rapids : RHP Mark Lepson
|
|
Pitching: RHP Mark Lepson
|
|
|
Batting: RHB Omar Garcia
|
0-0: Swinging Strike 0-1: Ball 1-1: Ball 2-1: Foul Ball, location: 2F 2-2: Foul Ball, location: 2F 2-2: SINGLE (Flyball, 6D, EV 88.8 MPH)
|
|
Batting: SHB Chris Howard
|
0-0: Called Strike 0-1: Fly out, F8 (Flyball, 8RM, EV 71.9 MPH)
|
|
Batting: LHB Angel Bayron
|
0-0: Ball 1-0: Swinging Strike 1-1: Ball 2-1: Ball 3-1: Base on Balls Omar Garcia to second
|
|
Batting: LHB Bobby Buchanon
|
0-0: Ball 1-0: SINGLE (Line Drive, 4MD, EV 94.4 MPH) Omar Garcia to third Angel Bayron to second Runner from 3rd tries for Home, SAFE, throw by CF to home
|
|
Batting: RHB Doug Carpenter
|
0-0: Ball 1-0: Called Strike 1-1: Called Strike 1-2: Ball 2-2: Ball 3-2: Foul Ball, location: 2F 3-2: Foul Ball, location: 2F 3-2: Fly out, F8 (Flyball, 8RS, EV 86.9 MPH)
|
|
Batting: SHB James Allen
|
0-0: Called Strike 0-1: Ball 1-1: Called Strike 1-2: SINGLE (Groundball, 34D, EV 100.6 MPH) Angel Bayron to third Bobby Buchanon to second Runner from 3rd tries for Home, SAFE, throw by RF to home
|
|
Batting: RHB Eddie Williams
|
0-0: Called Strike 0-1: Called Strike 0-2: Ball 1-2: Foul Ball, location: 2F 1-2: DOUBLE (Line Drive, 89D, EV 103.8 MPH) Bobby Buchanon scores James Allen to third Runner from 3rd tries for Home, SAFE, throw by CF to home
|
|
Batting: RHB Thomas Niemann
|
0-0: Ball 1-0: Called Strike 1-1: Ball 2-1: Foul Ball, location: 2F 2-2: Ground out 5-3 (Groundball, 56, EV 90.6 MPH)
|
| Top of the 1st over - 4 runs, 4 hits, 0 errors, 1 left on base; Williamsport 4 - Niagara Falls 0 |
| BOTTOM OF THE 1ST |
|
Niagara Falls Rapids batting - Pitching for Williamsport Greys : RHP Randy O'Neal
|
|
Pitching: RHP Randy O'Neal
|
|
|
Batting: LHB John Gibbons
|
0-0: Called Strike 0-1: Ball 1-1: Called Strike 1-2: Foul Ball, location: 2F 1-2: Fly out, F9 (Flyball, 9LM, EV 94.4 MPH)
|
|
Batting: LHB Joe Vavra
|
0-0: SINGLE (Groundball, 34D, EV 100.6 MPH)
|
|
Batting: LHB John Rubel
|
0-0: Called Strike 0-1: Foul Ball, location: 2F 0-2: DOUBLE (Flyball, 89XD, EV 108.1 MPH) Joe Vavra to third Runner from 3rd tries for Home, SAFE, throw by RF to trailing runner, SAFE at third!
|
|
Batting: LHB Thomas Krupa
|
0-0: Swinging Strike 0-1: Ball 1-1: Foul Ball, location: 2F 1-2: Strikes out swinging
|
|
Batting: LHB Brad Winkler
|
0-0: Ball 1-0: Ball 2-0: Foul Ball, location: 2F 2-1: Called Strike 2-2: Foul Ball, location: 2F 2-2: SINGLE (Groundball, 4MD, EV 96.3 MPH) John Rubel scores
|
|
Batting: LHB Eric Brock
|
0-0: Ball 1-0: Fly out, F7 (Line Drive, 7, EV 90.6 MPH)
|
| Bottom of the 1st over - 2 runs, 3 hits, 0 errors, 1 left on base; Williamsport 4 - Niagara Falls 2 |
| TOP OF THE 2ND |
|
Williamsport Greys batting - Pitching for Niagara Falls Rapids : RHP Mark Lepson
|
|
Batting: RHB Brad Luther
|
0-0: Ball 1-0: Called Strike 1-1: Called Strike 1-2: Foul Ball, location: 2F 1-2: Foul Ball, location: 2F 1-2: Strikes out looking
|
|
Batting: RHB Omar Garcia
|
0-0: Ball 1-0: Ball 2-0: Ball 3-0: Base on Balls
|
|
Batting: SHB Chris Howard
|
0-0: Called Strike 0-1: Ball 1-1: Ball 2-1: Foul Ball, location: 2F 2-2: Ball 3-2: Strikes out swinging
|
|
Batting: LHB Angel Bayron
|
0-0: Called Strike Omar Garcia steals 2nd base 0-1: Foul Ball, location: 2F 0-2: Ball 1-2: Ground out 4-3 (Groundball, 4M, EV 99.4 MPH)
|
| Top of the 2nd over - 0 runs, 0 hits, 0 errors, 1 left on base; Williamsport 4 - Niagara Falls 2 |
| BOTTOM OF THE 2ND |
|
Niagara Falls Rapids batting - Pitching for Williamsport Greys : RHP Randy O'Neal
|
|
Batting: RHB Robert O'Connor
|
0-0: Ball 1-0: Ball 2-0: Foul Ball, location: 2F 2-1: Called Strike 2-2: SINGLE (Line Drive, 34, EV 96.3 MPH)
|
|
Batting: RHB Jeff Schaefer
|
0-0: Ball 1-0: Called Strike 1-1: Ball 2-1: Grounds into double play, 5-4-3 (Groundball, 5S, EV 90.6 MPH)
|
|
Batting: RHB Mark Krynitsky
|
0-0: Hit by Pitch
|
|
Batting: LHB John Gibbons
|
0-0: Ball 1-0: Called Strike 1-1: Called Strike 1-2: Strikes out swinging
|
| Bottom of the 2nd over - 0 runs, 1 hit, 0 errors, 1 left on base; Williamsport 4 - Niagara Falls 2 |
| TOP OF THE 3RD |
|
Williamsport Greys batting - Pitching for Niagara Falls Rapids : RHP Mark Lepson
|
|
Batting: LHB Bobby Buchanon
|
0-0: Called Strike 0-1: Ball 1-1: Swinging Strike 1-2: Fly out, F7 (Flyball, 7LS, EV 85.0 MPH)
|
|
Batting: RHB Doug Carpenter
|
0-0: Ball 1-0: Called Strike 1-1: Ground out 4-3 (Groundball, 4, EV 88.8 MPH)
|
|
Batting: SHB James Allen
|
0-0: Ball 1-0: Ball 2-0: Called Strike 2-1: SINGLE (Line Drive, 6MD, EV 101.9 MPH)
|
|
Batting: RHB Eddie Williams
|
0-0: Swinging Strike 0-1: Called Strike 0-2: Strikes out swinging
|
| Top of the 3rd over - 0 runs, 1 hit, 0 errors, 1 left on base; Williamsport 4 - Niagara Falls 2 |
| BOTTOM OF THE 3RD |
|
Niagara Falls Rapids batting - Pitching for Williamsport Greys : RHP Randy O'Neal
|
|
Batting: LHB Joe Vavra
|
0-0: Called Strike 0-1: Ball 1-1: Ball 2-1: Fly out, F7 (Flyball, 78D, EV 86.3 MPH)
|
|
Batting: LHB John Rubel
|
0-0: Called Strike 0-1: Ball 1-1: Fly out, F9 (Flyball, 9D, EV 98.8 MPH)
|
|
Batting: LHB Thomas Krupa
|
0-0: Called Strike 0-1: Ball 1-1: SOLO HOME RUN (Flyball, 9D, EV 100.0 MPH), Distance : 368 ft
|
|
Batting: LHB Brad Winkler
|
0-0: Ball 1-0: Ground out 4-3 (Groundball, 4M, EV 79.4 MPH)
|
| Bottom of the 3rd over - 1 run, 1 hit, 0 errors, 0 left on base; Williamsport 4 - Niagara Falls 3 |
| TOP OF THE 4TH |
|
Williamsport Greys batting - Pitching for Niagara Falls Rapids : RHP Mark Lepson
|
|
Batting: RHB Thomas Niemann
|
0-0: Ball 1-0: Ball 2-0: Ball 3-0: Base on Balls
|
|
Batting: RHB Brad Luther
|
0-0: Called Strike 0-1: Foul Ball, location: 2F 0-2: Ball 1-2: Fly out, F8 (Line Drive, 8RM, EV 98.8 MPH)
|
|
Batting: RHB Omar Garcia
|
0-0: Called Strike 0-1: Called Strike 0-2: SINGLE (Groundball, 6MD, EV 102.5 MPH) Thomas Niemann to second Runner from 2nd tries for 3rd, SAFE, no throw by CF
|
|
Batting: SHB Chris Howard
|
0-0: Ball 1-0: Ball 2-0: Ball 3-0: Called Strike 3-1: Called Strike 3-2: Foul Ball, location: 2F 3-2: Foul Ball, location: 2F 3-2: SINGLE (Groundball, 56D, EV 95.6 MPH) Thomas Niemann scores Omar Garcia to second Omar Garcia to third
|
|
Batting: LHB Angel Bayron
|
0-0: Ball 1-0: Called Strike 1-1: Fielders Choice at 2nd, 6-4 (Groundball, 6M, EV 80.6 MPH) Omar Garcia scores
|
|
Batting: LHB Bobby Buchanon
|
0-0: Ground out 1-3 (Groundball, 13, EV 70.0 MPH)
|
| Top of the 4th over - 2 runs, 2 hits, 0 errors, 1 left on base; Williamsport 6 - Niagara Falls 3 |
| BOTTOM OF THE 4TH |
|
Niagara Falls Rapids batting - Pitching for Williamsport Greys : RHP Randy O'Neal
|
|
Batting: LHB Eric Brock
|
0-0: Foul Ball, location: 2F 0-1: Swinging Strike 0-2: Strikes out swinging
|
|
Batting: RHB Robert O'Connor
|
0-0: Ball 1-0: Called Strike 1-1: Foul Ball, location: 2F 1-2: Foul Ball, location: 2F 1-2: Strikes out swinging
|
|
Batting: RHB Jeff Schaefer
|
0-0: Ball 1-0: Swinging Strike 1-1: Ball 2-1: Foul Ball, location: 2F 2-2: Foul Ball, location: 2F 2-2: Strikes out swinging
|
| Bottom of the 4th over - 0 runs, 0 hits, 0 errors, 0 left on base; Williamsport 6 - Niagara Falls 3 |
| TOP OF THE 5TH |
|
Williamsport Greys batting - Pitching for Niagara Falls Rapids : RHP Mark Lepson
|
|
Batting: RHB Doug Carpenter
|
0-0: Foul Ball, location: 2F 0-1: Ball 1-1: Foul Ball, location: 2F 1-2: Ball 2-2: Foul Ball, location: 2F 2-2: Foul Ball, location: 2F 2-2: Foul Ball, location: 2F 2-2: Foul Ball, location: 2F 2-2: Foul Ball, location: 2F 2-2: Reached on error, E5 (Groundball, 5, EV 90.0 MPH)
|
|
Batting: SHB James Allen
|
0-0: Called Strike Doug Carpenter steals 2nd base 0-1: Foul Ball, location: 2F 0-2: Ground out 1-3 (Groundball, P, EV 63.8 MPH) Doug Carpenter to third
|
|
Batting: RHB Eddie Williams
|
0-0: Fly out, F9 (Flyball, 9LD, EV 110.0 MPH) Runner from 3rd tags up, SCORES, no throw by RF
|
|
Batting: RHB Thomas Niemann
|
0-0: Ball 1-0: Ball 2-0: Foul Ball, location: 2F 2-1: Ball 3-1: Foul Ball, location: 2F 3-2: Base on Balls
|
|
Batting: RHB Brad Luther
|
0-0: Called Strike 0-1: Called Strike 0-2: SINGLE (Groundball, 6MD, EV 96.3 MPH) Thomas Niemann to second Runner from 2nd tries for 3rd, OUT! 8-5
|
| Top of the 5th over - 1 run, 1 hit, 1 error, 1 left on base; Williamsport 7 - Niagara Falls 3 |
| BOTTOM OF THE 5TH |
|
Niagara Falls Rapids batting - Pitching for Williamsport Greys : RHP Randy O'Neal
|
|
Batting: RHB Mark Krynitsky
|
0-0: Ground out 5-3 (Groundball, 56, EV 100.6 MPH)
|
|
Batting: LHB John Gibbons
|
0-0: Foul Ball, location: 2F 0-1: Ball 1-1: Foul Ball, location: 2F 1-2: Ball 2-2: Ground out 6-3 (Groundball, 6, EV 100.6 MPH)
|
|
Batting: LHB Joe Vavra
|
0-0: Ball 1-0: Foul Ball, location: 2F 1-1: Fly out, F8 (Flyball, 8RM, EV 79.4 MPH)
|
| Bottom of the 5th over - 0 runs, 0 hits, 0 errors, 0 left on base; Williamsport 7 - Niagara Falls 3 |
| TOP OF THE 6TH |
|
Williamsport Greys batting - Pitching for Niagara Falls Rapids : RHP Mark Lepson
|
|
Batting: RHB Omar Garcia
|
0-0: Ball 1-0: SINGLE (Groundball, 56, EV 102.5 MPH) (infield hit)
|
|
Pitching: LHP Chuck Powell
|
|
|
Batting: SHB Chris Howard
|
0-0: Called Strike 0-1: Bunted foul 0-2: Ball 1-2: 2-RUN HOME RUN (Flyball, 78XD, EV 95.0 MPH), Distance : 420 ft
|
|
Batting: LHB Angel Bayron
|
0-0: Foul Ball, location: 2F 0-1: Ball 1-1: Ball 2-1: Ball 3-1: Base on Balls
|
|
Batting: LHB Bobby Buchanon
|
0-0: Called Strike 0-1: Swinging Strike 0-2: Strikes out looking
|
|
Batting: RHB Doug Carpenter
|
0-0: Called Strike 0-1: Called Strike 0-2: Strikes out swinging
|
|
Batting: SHB James Allen
|
0-0: Fielders Choice at 2nd, 6-4 (Groundball, 6, EV 95.6 MPH)
|
| Top of the 6th over - 2 runs, 2 hits, 0 errors, 1 left on base; Williamsport 9 - Niagara Falls 3 |
| BOTTOM OF THE 6TH |
|
Niagara Falls Rapids batting - Pitching for Williamsport Greys : RHP Randy O'Neal
|
|
Batting: LHB John Rubel
|
0-0: DOUBLE (Flyball, 8LXD, EV 112.5 MPH)
|
|
Batting: LHB Thomas Krupa
|
0-0: Ball 1-0: SINGLE (Groundball, 4MD, EV 96.3 MPH) John Rubel to third Runner from 3rd tries for Home, SAFE, throw by CF to home
|
|
Batting: LHB Brad Winkler
|
0-0: Called Strike 0-1: Called Strike 0-2: Foul Ball, location: 2F 0-2: Ball 1-2: Ball 2-2: Fly out, F4 (Popup, 4S, EV 81.9 MPH)
|
|
Batting: LHB Eric Brock
|
0-0: Called Strike 0-1: 2-RUN HOME RUN (Flyball, 7D, EV 111.3 MPH), Distance : 370 ft
|
|
Pitching: LHP Antonio Chavez
|
|
|
Batting: RHB Robert O'Connor
|
0-0: Ball 1-0: Ball 2-0: Ball 3-0: Called Strike 3-1: Base on Balls
|
|
Batting: RHB Jeff Schaefer
|
0-0: Ball 1-0: Called Strike 1-1: Foul Ball, location: 2F 1-2: Fly out, F9 (Flyball, 9, EV 85.0 MPH)
|
|
Batting: RHB Mark Krynitsky
|
0-0: Called Strike 0-1: Ball 1-1: 2-RUN HOME RUN (Line Drive, 7LD, EV 99.4 MPH) (Inside the Park)
|
|
Batting: LHB John Gibbons
|
0-0: Ball 1-0: Foul Ball, location: 2F 1-1: Ball 2-1: Ball 3-1: Ground out 4-3 (Groundball, 4D, EV 85.0 MPH)
|
| Bottom of the 6th over - 5 runs, 4 hits, 0 errors, 0 left on base; Williamsport 9 - Niagara Falls 8 |
| TOP OF THE 7TH |
|
Williamsport Greys batting - Pitching for Niagara Falls Rapids : LHP Chuck Powell
|
|
Batting: RHB Eddie Williams
|
0-0: Foul Ball, location: 2F 0-1: SOLO HOME RUN (Flyball, 78XD, EV 97.5 MPH), Distance : 416 ft
|
|
Batting: RHB Thomas Niemann
|
0-0: Ball 1-0: Ball 2-0: Ball 3-0: Base on Balls
|
|
Batting: RHB Brad Luther
|
0-0: Called Strike 0-1: Ball 1-1: Ball 2-1: Foul Ball, location: 2F 2-2: Ball 3-2: Ground out 4-3 (Groundball, 4MD, EV 106.3 MPH) Thomas Niemann to second
|
|
Batting: RHB Omar Garcia
|
0-0: Ball 1-0: Called Strike 1-1: SINGLE (Groundball, 56D, EV 100.0 MPH) Thomas Niemann to third Runner from 3rd tries for Home, SAFE, throw by LF to home
|
|
Pitching: LHP Keith Walker
|
|
|
Batting: SHB Chris Howard
|
0-0: Foul Ball, location: 2F 0-1: Foul Ball, location: 2F 0-2: Strikes out swinging
|
|
Batting: LHB Angel Bayron
|
0-0: Ball 1-0: Foul Ball, location: 2F 1-1: Ball 2-1: Foul Ball, location: 2F 2-2: SINGLE (Groundball, 6MD, EV 101.9 MPH) Omar Garcia to second Runner from 2nd tries for 3rd, SAFE, throw by CF made to third
|
|
Batting: LHB Bobby Buchanon
|
0-0: Ball 1-0: Ball 2-0: Fly out, F9 (Flyball, 9, EV 95.0 MPH)
|
| Top of the 7th over - 2 runs, 3 hits, 0 errors, 2 left on base; Williamsport 11 - Niagara Falls 8 |
| BOTTOM OF THE 7TH |
|
Niagara Falls Rapids batting - Pitching for Williamsport Greys : LHP Antonio Chavez
|
|
Batting: LHB Joe Vavra
|
0-0: DOUBLE (Flyball, 89D, EV 100.6 MPH)
|
|
Batting: LHB John Rubel
|
0-0: Ball 1-0: Ball 2-0: Fly out, F4 (Flyball, 4D, EV 81.3 MPH)
|
|
Batting: LHB Thomas Krupa
|
0-0: Foul Ball, location: 2F 0-1: Foul Ball, location: 2F 0-2: Strikes out swinging
|
|
Batting: LHB Brad Winkler
|
0-0: Ball 1-0: Ball 2-0: Called Strike 2-1: Foul Ball, location: 2F 2-2: Ball 3-2: Foul Ball, location: 2F 3-2: Foul Ball, location: 2F 3-2: Strikes out swinging
|
| Bottom of the 7th over - 0 runs, 1 hit, 0 errors, 1 left on base; Williamsport 11 - Niagara Falls 8 |
| TOP OF THE 8TH |
|
Williamsport Greys batting - Pitching for Niagara Falls Rapids : LHP Keith Walker
|
|
Batting: RHB Doug Carpenter
|
0-0: Called Strike 0-1: Ball 1-1: Swinging Strike 1-2: Ball 2-2: Strikes out looking
|
|
Batting: SHB James Allen
|
0-0: Called Strike 0-1: Ball 1-1: Foul Ball, location: 2F 1-2: Ball 2-2: Ground out 4-3 (Groundball, 13, EV 85.0 MPH)
|
|
Batting: RHB Eddie Williams
|
0-0: Ball 1-0: SINGLE (Flyball, 8LS, EV 91.3 MPH)
|
|
Batting: RHB Thomas Niemann
|
0-0: Ball 1-0: Ball 2-0: Ball 3-0: Called Strike 3-1: Base on Balls Eddie Williams to second
|
|
Batting: RHB Brad Luther
|
0-0: Ball 1-0: Ball 2-0: Fly out, F6 (Line Drive, 6, EV 74.4 MPH)
|
| Top of the 8th over - 0 runs, 1 hit, 0 errors, 2 left on base; Williamsport 11 - Niagara Falls 8 |
| BOTTOM OF THE 8TH |
|
Niagara Falls Rapids batting - Pitching for Williamsport Greys : LHP Antonio Chavez
|
|
Batting: LHB Eric Brock
|
0-0: Ball 1-0: Foul Ball, location: 2F 1-1: Swinging Strike 1-2: Strikes out swinging
|
|
Batting: RHB Robert O'Connor
|
0-0: Ball 1-0: Fly out, F4 (Flyball, 34D, EV 77.5 MPH)
|
|
Batting: RHB Jeff Schaefer
|
0-0: Ball 1-0: Ball 2-0: Called Strike 2-1: SOLO HOME RUN (Flyball, 7LD, EV 85.0 MPH), Distance : 348 ft
|
|
Pitching: RHP Jose Zamora
|
|
|
Batting: RHB Mark Krynitsky
|
0-0: Ball 1-0: Swinging Strike 1-1: Swinging Strike 1-2: Ball 2-2: Foul Ball, location: 2F 2-2: Ball 3-2: Base on Balls
|
|
Batting: LHB John Gibbons
|
0-0: Called Strike 0-1: Ground out 4-3 (Groundball, 34, EV 80.6 MPH)
|
| Bottom of the 8th over - 1 run, 1 hit, 0 errors, 1 left on base; Williamsport 11 - Niagara Falls 9 |
| TOP OF THE 9TH |
|
Williamsport Greys batting - Pitching for Niagara Falls Rapids : LHP Keith Walker
|
|
Pitching: RHP Mario Lopez
|
|
|
Batting: RHB Omar Garcia
|
0-0: Fly out, F8 (Flyball, 8RS, EV 80.0 MPH)
|
|
Batting: SHB Chris Howard
|
0-0: Ball 1-0: Swinging Strike 1-1: Foul Ball, location: 2F 1-2: Ground out 4-3 (Groundball, 4, EV 105.0 MPH)
|
|
Batting: LHB Angel Bayron
|
0-0: Called Strike 0-1: Foul Ball, location: 2F 0-2: Ball 1-2: Strikes out looking
|
| Top of the 9th over - 0 runs, 0 hits, 0 errors, 0 left on base; Williamsport 11 - Niagara Falls 9 |
| BOTTOM OF THE 9TH |
|
Niagara Falls Rapids batting - Pitching for Williamsport Greys : RHP Jose Zamora
|
|
Pitching: LHP Pedro Lopez
|
|
|
Batting: LHB Joe Vavra
|
0-0: Ball 1-0: Ball 2-0: Fly out, F7 (Flyball, 7S, EV 93.8 MPH)
|
|
Batting: LHB John Rubel
|
0-0: Fly out, F7 (Flyball, 78D, EV 100.6 MPH)
|
|
Batting: LHB Thomas Krupa
|
0-0: Called Strike 0-1: Ball 1-1: Foul Ball, location: 2F 1-2: Strikes out swinging
|
| Bottom of the 9th over - 0 runs, 0 hits, 0 errors, 0 left on base; Williamsport 11 - Niagara Falls 9 |
|